 Dungeon Crawl Stone Soup version 0.21.1-1-g345015fe64 (webtiles) character file.

9814 Nordon the Cleaver (level 11, 0/64 HPs)
             Began as a Gargoyle Fighter on May 8, 2018.
             Was an Elder of Okawaru.
             Slain by a fire dragon (6 damage)
             ... on level 10 of the Dungeon.
             The game lasted 00:31:43 (10708 turns).

Nordon the Cleaver (Gargoyle Fighter)              Turns: 10708, Time: 00:31:44

Health: 0/64       AC: 27    Str: 25    XL:     11   Next: 52%
Magic:  13/13      EV:  6    Int: 10    God:    Okawaru [****..]
Gold:   456        SH: 11    Dex: 13    Spells: 10/10 levels left

rFire    + . .     SeeInvis .   a - +1 war axe
rCold    + + .     Gourm    .   c - +0 shield
rNeg     + . .     Faith    .   H - +0 plate armour
rPois    ∞         Spirit   .   (helmet restricted)
rElec    +         Reflect  .   y - scarf {rC+ rF+}
rCorr    +         Harm     .   K - +2 pair of gloves
MR       .....                  i - +0 pair of boots
Stlth    ..........             B - amulet of rage
HPRegen  0.20/turn              C - ring of protection from cold
MPRegen  0.13/turn              R - ring of resist corrosion

@: mighty, hasted, very quick
A: beak, agile 1, negative energy resistance 1, electricity resistance,
unbreathing, petrification resistance, rot immunity, AC +8
a: Heroism, Renounce Religion, Evoke Berserk Rage


You were on level 10 of the Dungeon.
You worshipped Okawaru.
Okawaru was greatly pleased with you.
You were not hungry.

You visited 2 branches of the dungeon, and saw 11 of its levels.
You also visited: Ossuary.

You collected 456 gold pieces.


Innate Abilities, Weirdness & Mutations

You are resistant to torment.
Your stone body is resilient. (AC +8)
You are immune to poison.
You resist negative energy. (rN+)
You are resistant to electric shocks. (rElec)
You can survive without breathing.
You are immune to petrification.
You are immune to rotting.
You have a beak for a mouth.
You are agile. (Dex +2)


   Skills:
 + Level 5.2 Fighting
 * Level 12.0 Axes
 + Level 10.6 Armour
 + Level 7.1 Shields
 - Level 3.0 Invocations


You had 10 spell levels left.
You didn't know any spells.

Inventory:

Hand Weapons
 a - a +1 war axe (weapon)
 p - a +5 hand axe
 I - a +2 battleaxe of freezing
Missiles
 M - 5 throwing nets {=f}
Armour
 b - a +0 scale mail
 c - a +0 shield (worn)
 h - a +0 cloak
 i - a +0 pair of boots (worn)
 q - the +1 ring mail of the Slorg {+Fly}
   (You found it on level 6 of the Dungeon)

   It lets you fly.
 y - a scarf of resistance (worn)
 H - a +0 plate armour (worn)
 J - a +0 chain mail
 K - a +2 pair of gloves (worn)
Jewellery
 m - a -3 ring of evasion
 B - an amulet of rage (around neck)
 C - a ring of protection from cold (left hand)
 N - an uncursed amulet of the gourmand {unknown}
 R - a ring of resist corrosion (right hand)
 W - an uncursed ring of magical power
Wands
 w - a wand of random effects (14)
 E - a wand of disintegration (9)
Scrolls
 k - 3 scrolls of remove curse {@r2}
 r - 2 scrolls of magic mapping
 u - 2 scrolls of fear
 D - 2 scrolls of identify {@r1}
 O - a scroll of teleportation {@r4}
 P - 2 scrolls of immolation {unknown}
 S - a scroll of noise {unknown}
 U - a scroll of enchant weapon
Potions
 d - a potion of heal wounds {@q2}
 e - a potion of brilliance
 j - a potion of flight {unknown}
 l - 5 potions of agility
 n - a potion of cancellation
 o - 3 potions of lignification {!q}
 t - 4 potions of invisibility
 v - 2 potions of might
 x - 2 potions of curing {@q1}
 z - a potion of resistance
 A - a potion of mutation {!q}
 G - a potion of ambrosia
 Q - 2 potions of magic {unknown}
Books
 g - a book of Air

   Spells                             Type                      Level
   a - Shock                          Conjuration/Air              1
   b - Swiftness                      Charms/Air                   2
   c - Static Discharge               Conjuration/Air              3
   d - Airstrike                      Air                          4
   e - Lightning Bolt                 Conjuration/Air              5
 F - a Young Poisoner's Handbook

   Spells                             Type                      Level
   a - Sting                          Conjuration/Poison           1
   b - Poisonous Vapours              Poison/Air                   2
   c - Mephitic Cloud                 Conjuration/Poison/Air       3
   d - Olgreb's Toxic Radiance        Poison                       4
   e - Venom Bolt                     Conjuration/Poison           5
 L - a book of Minor Magic

   Spells                             Type                      Level
   a - Magic Dart                     Conjuration                  1
   b - Blink                          Translocation                2
   c - Call Imp                       Summoning                    2
   d - Slow                           Hexes                        2
   e - Conjure Flame                  Conjuration/Fire             3
   f - Mephitic Cloud                 Conjuration/Poison/Air       3
Comestibles
 f - 23 rations {@e1}
 T - a chunk of flesh

Dungeon Overview and Level Annotations

Branches:
Dungeon (10/15)            Temple (1/1) D:6            Lair (0/6) D:10
    Orc: D:9-12

Altars:
Ashenzari
Cheibriados
Dithmenos
Elyvilon
Fedhas
Hepliaklqana
Kikubaaqudgha
Makhleb
Okawaru
Qazlal
Ru
Sif Muna
Trog
Uskayaw
Wu Jian
Xom
Yredelemnul
Zin
The Shining One

Shops:
D:8 !=[(

Annotations:
D:7 exclusion: ice statue

##..## ## .....#
...= )...
..#........ ..:▓}..
.. ####..#..#..
..:|:.. ..# .##
##▓.. ..... ..▓ .#
▓(##..?##.▓ #.#
▓..b....▓ ##.>##
▓.D..%▓ ###...#.###
▓.@.▓
.......#..######.##
...#..#.......#..#
..##........#.#.##
.## #..........(#
.# #.......###.#
.## ##......# #.#
..####.###..# #..
#...#..####.######


You could see a fire dragon and a fire bat.


Message History

Okawaru accepts your kill.
You slash the wyvern skeleton! You closely miss the fire bat.
The fire bat bites you but does no damage.
You block the fire bat's attack. The wyvern skeleton barely misses you.
The fire dragon bites you but does no damage.
The fire dragon claws you but does no damage.
The fire dragon tramples you but does no damage.
Unknown command.
You slash the fire dragon!
You peck the fire dragon, but do no damage.
The fire dragon is heavily wounded.
Your shield prevents you from hitting the fire bat.
You slash the wyvern skeleton!
You destroy the wyvern skeleton!
Okawaru accepts your kill.
You slash the fire bat!
You kill the fire bat!
Okawaru accepts your kill. You block the fire bat's attack.
Unknown command.
You slice the fire dragon!!
The fire dragon is severely wounded.
You miss the fire bat. The fire bat bites you.
* * * LOW HITPOINT WARNING * * *
You are engulfed in flames.
You resist.
* * * LOW HITPOINT WARNING * * *
The fire dragon closely misses you. The fire dragon claws you.
* * * LOW HITPOINT WARNING * * *
The fire dragon tramples you.
You die...

Skill      XL: |  1  2  3  4  5  6  7  8  9 10 11 |
---------------+----------------------------------+-----
Axes           | 2 3 4 5 7 8 10 11 12 | 12.0
Armour         | 4 5 6 7 9 10 | 10.6
Shields        | 4 6 7 |  7.1
Invocations    | 3 |  3.0
Fighting       | 4 5 |  5.2

Action                   |  1- 3 |  4- 6 |  7- 9 | 10-12 || total
-------------------------+-------+-------+-------+-------++-------
Melee: War axe           |    88 |   129 |   520 |   618 ||  1355
       Peck              |       |     1 |    92 |   111 ||   204
Invok: Heroism           |       |       |       |     1 ||     1
Evoke: Wand              |       |       |     1 |     4 ||     5
  Use: Scroll            |       |    10 |     2 |    10 ||    22
       Potion            |       |     7 |     1 |     6 ||    14
  Eat: Chunk             |       |     3 |    16 |    26 ||    45
       Ration            |       |       |       |     2 ||     2
Armor: Scale mail        |    56 |    76 |   187 |       ||   319
       Plate armour      |       |       |    71 |   537 ||   608
       Chain mail        |       |       |    37 |       ||    37
Dodge: Dodged            |    26 |    47 |   119 |   120 ||   312
Block: Shield            |    46 |    69 |   233 |   360 ||   708

Vault maps used:
D:1:      nzn_arrival_water_spiral
D:2:      lemuel_doored_altar, first_ration, hangedman_abyss_or_decor_stabs
D:3:      minmay_surrounded, uniq_natasha
D:4:      nicolae_overflow_hidden_temple, gammafunk_temple_overflow_wave,
          enter_ossuary_5, yredelemnul_altar_generic, uniq_eustachio
D:5:      basic_altar
D:6:      minmay_temple_entry_glass, hangedman_decor_growths, grunt_potential,
          uniq_sigmund
D:7:      lemuel_ice_statue, lemuel_round_altar, grunt_livestock
D:8:      serial_shops, shop, shop_fountains, shop, shop
D:9:      bloody_trog, nrook_pool_corridor, minmay_misc_feat_enclosed,
          uniq_erolcha
D:10:     minmay_firetagon, lair_entry_dummy
Temple:   nicolae_temple_x_marks_the_god
Ossuary:  ossuary_boxes_badplayer

Notes
Turn   | Place    | Note
-------+----------+-------------------------------------------
     0 | D:1      | Nordon the Gargoyle Fighter began the quest for the Orb.
     0 | D:1      | Reached XP level 1. HP: 14/14 MP: 1/1
    26 | D:1      | Reached skill level 2 in Axes
   148 | D:1      | Reached XP level 2. HP: 16/19 MP: 2/2
   431 | D:1      | Reached XP level 3. HP: 23/23 MP: 3/3
   551 | D:2      | Reached skill level 3 in Axes
   903 | D:2      | Reached XP level 4. HP: 28/28 MP: 4/4
   919 | D:2      | Reached skill level 4 in Armour
  1058 | D:2      | Found a blossoming altar of Fedhas.
  1621 | D:3      | Noticed Necrophagist's ghost (amateur TeAE)
  1638 | D:3      | Killed Necrophagist's ghost
  1638 | D:3      | Reached skill level 4 in Axes
  1638 | D:3      | Reached XP level 5. HP: 29/32 MP: 5/5
  1739 | D:3      | Noticed Natasha
  1749 | D:3      | Killed Natasha
  1766 | D:3      | Reached XP level 6. HP: 34/37 MP: 6/6
  1771 | D:3      | You fall through a shaft for 3 floors!
  1807 | D:6      | Noticed an acid dragon
  1808 | D:6      | Reached skill level 5 in Axes
  1814 | D:6      | Reached skill level 5 in Armour
  1823 | D:6      | Noticed a sky beast
  1828 | D:6      | Gained mutation: You are agile. (Dex +2) [potion of mutation]
  1828 | D:6      | Gained mutation: You have a beak for a mouth. [potion of mutation]
  1838 | D:6      | Killed an acid dragon
  1839 | D:6      | Reached XP level 7. HP: 40/41 MP: 7/7
  1855 | D:6      | Reached skill level 6 in Axes
  2073 | D:6      | Reached skill level 6 in Armour
  2130 | D:6      | Got a steaming ring mail
  2141 | D:6      | Identified the +1 ring mail of the Slorg {+Fly} (You found it on level 6 of the Dungeon)
  2164 | D:6      | Noticed Sigmund
  2188 | D:6      | Killed Sigmund
  2188 | D:6      | Reached skill level 7 in Axes
  2188 | D:6      | Reached XP level 8. HP: 39/46 MP: 8/8
  2254 | D:5      | Entered Level 5 of the Dungeon
  2254 | D:5      | Found a blossoming altar of Fedhas.
  2349 | D:4      | Found a sand-covered staircase.
  2355 | Ossuary  | Entered an ossuary
  2686 | Ossuary  | Noticed Menkaure
  2721 | Ossuary  | Killed Menkaure
  2721 | Ossuary  | Reached skill level 7 in Armour
  3010 | D:4      | Reached skill level 8 in Axes
  3134 | D:3      | Noticed Natasha
  3141 | D:3      | Killed Natasha
  3216 | D:3      | Noticed Natasha
  3221 | D:3      | Killed Natasha
  3326 | D:3      | Identified a scarf of resistance (You found it on level 3 of the Dungeon)
  3653 | D:4      | Noticed Eustachio
  3706 | D:4      | Killed Eustachio
  3706 | D:4      | Reached XP level 9. HP: 36/51 MP: 9/9
  3975 | D:4      | Found a sacrificial altar of Ru.
  3975 | D:4      | Found a white marble altar of Elyvilon.
  3997 | D:4      | Found a basalt altar of Yredelemnul.
  4067 | D:4      | Reached skill level 8 in Armour
  4082 | D:4      | Found a hazy altar of Hepliaklqana.
  4235 | D:4      | Reached skill level 9 in Axes
  5465 | D:6      | Found a staircase to the Ecumenical Temple.
  5485 | Temple   | Entered the Ecumenical Temple
  5492 | Temple   | Became a worshipper of Warmaster Okawaru
  6279 | D:7      | Reached skill level 10 in Axes
  6281 | D:7      | Reached skill level 9 in Armour
  6281 | D:7      | Reached skill level 4 in Shields
  6304 | D:7      | Reached * piety under Okawaru
  6310 | D:7      | Reached XP level 10. HP: 27/56 MP: 10/10
  6860 | D:7      | Noticed Saeniel's ghost (novice CeHu)
  6924 | D:7      | Killed Saeniel's ghost
  6924 | D:7      | Reached skill level 5 in Shields
  6924 | D:7      | Reached skill level 1 in Invocations
  7064 | D:7      | Found a shimmering altar of Xom.
  7334 | D:7      | Noticed an ice statue
  7339 | D:7      | Identified a potion of resistance
  7364 | D:8      | Found Kidd's Weapon Shop.
  7552 | D:8      | Noticed a two-headed ogre
  7574 | D:7      | Reached skill level 2 in Invocations
  7724 | D:7      | Killed a two-headed ogre
  7724 | D:7      | Reached ** piety under Okawaru
  7724 | D:7      | Reached skill level 11 in Axes
  7895 | D:8      | Reached skill level 3 in Invocations
  8005 | D:8      | Reached skill level 10 in Armour
  8021 | D:8      | Reached skill level 6 in Shields
  8131 | D:8      | Reached *** piety under Okawaru
  8280 | D:8      | Found Qurhyu Ugee's Distillery.
  8300 | D:8      | Found Hazaunad's Jewellery Emporium.
  8382 | D:8      | Reached skill level 4 in Fighting
  8382 | D:8      | Reached XP level 11. HP: 38/61 MP: 13/13
  8542 | D:8      | Found Toumy's Antique Armour Emporium.
  8727 | D:9      | Noticed Erolcha
  8736 | D:9      | Killed Erolcha
  8829 | D:9      | Found a bloodstained altar of Trog.
  8895 | D:9      | Noticed a five-headed hydra
 10303 | D:10     | Entered Level 10 of the Dungeon
 10554 | D:10     | Killed an unseen horror
 10554 | D:10     | Reached **** piety under Okawaru
 10554 | D:10     | Reached skill level 5 in Fighting
 10634 | D:10     | Found a staircase to the Lair.
 10691 | D:10     | Noticed a fire dragon
 10692 | D:10     | Found the +7 great mace "Firestarter" {inner flame, rF++}
 10697 | D:10     | Reached skill level 12 in Axes
 10697 | D:10     | Reached skill level 7 in Shields
 10708 | D:10     | HP: 6/64 [fire dragon (5)]
 10708 | D:10     | Slain by a fire dragon

Vanquished Creatures
  Erolcha (D:9)
  A two-headed ogre (D:7)
  The ghost of Saeniel the Archer, a novice CeHu (D:7)
  An unseen horror (D:10)
  A hippogriff (D:8)
  A hornet (D:8)
  Sigmund (D:6)
  Eustachio (D:4)
  A human (D:7)
  4 hogs (D:7)
  5 fire bats (D:10)
  2 hungry ghosts (D:8)
  Menkaure (Ossuary)
  An acid dragon (D:6)
  An orc warrior (D:5)
  2 sky beasts
  A necrophage (D:9)
  4 phantoms
  An ice beast (D:5)
  3 centaurs
  2 ogres
  The ghost of Necrophagist the Gusty, an amateur TeAE (D:3)
  2 bullfrogs
  2 gnoll sergeants
  A water moccasin zombie (D:9)
  A wyvern skeleton (D:10)
  2 scorpions
  A water moccasin skeleton (D:7)
  14 killer bees
  9 wights
  5 howler monkeys
  An electric eel (D:9)
  4 crimson imps
  A centaur skeleton (D:7)
  5 centaur zombies (Ossuary)
  A jelly (D:7)
  6 hounds
  12 orc wizards
  6 orc priests
  A quasit (D:6)
  A gnoll shaman (D:7)
  A bullfrog skeleton (D:4)
  Natasha (thrice) (D:3)
  4 iguanas
  4 worker ants
  2 hound zombies (D:6)
  A hound skeleton (D:4)
  6 mummies (Ossuary)
  17 gnolls
  15 adders
  A shadow imp (D:6)
  4 adder zombies (Ossuary)
  An adder skeleton (D:4)
  2 worms
  2 dart slugs
  4 leopard geckos
  29 orcs
  8 giant cockroaches
  4 goblins
  6 hobgoblins
  7 jackals
  3 quokkas
  3 ball pythons
  7 bats
  4 frilled lizards
  4 goblin zombies (Ossuary)
  2 hobgoblin zombies (Ossuary)
  6 kobolds
  5 kobold zombies (Ossuary)
  A leopard gecko skeleton (D:7)
  An orc zombie (Ossuary)
  2 quokka skeletons
  4 quokka zombies (Ossuary)
  6 rats
  5 rat zombies (Ossuary)
286 creatures vanquished.

Table legend:
 A = Turns spent in this place as a percentage of turns spent in the entire game.
 B = Non-inter-level travel turns spent in this place as a percentage of non-inter-level travel turns spent in the entire game.
 C = Inter-level travel turns spent in this place as a percentage of turns spent in this place.
 D = Turns resting spent in this place as a percentage of non-inter-level travel turns spent in this place.
 E = Turns spent auto-exploring this place as a percentage of non-inter-level travel turns spent in this place.
 F = Non-inter-level travel turns spent in this place divided by the number of levels of this place that you've seen.
                   A       B       C       D       E      F
               +-------+-------+-------+-------+-------+----------------------
         Total | 100.0 | 100.0 |   3.7 |  21.5 |  50.1 | 859.1
       Dungeon |  93.8 |  93.7 |   3.9 |  20.9 |  51.1 | 965.9
        Temple |   0.1 |   0.0 |  85.7 |   0.0 |   0.0 |   2.0
       Ossuary |   6.1 |   6.3 |   0.0 |  29.5 |  36.3 | 648.0
               +-------+-------+-------+-------+-------+----------------------

Table legend:
 A = Spawn XP
 B = Non-spawn XP
 C = Spawn XP percentage of total XP
 D = Spawn monster count
 E = Non-spawn monster count
 F = Spawn count percentage of total count
 G = Total turns spent on level
                    A         B        C        D         E        F      G
               +---------+---------+-------+---------+---------+-------+---------
         Total |       0 |   14021 |   0.0 |       0 |     286 |   0.0 | 10708
               +---------+---------+-------+---------+---------+-------+---------
           D:1 |       0 |      39 |   0.0 |       0 |      22 |   0.0 |   548
           D:2 |       0 |      96 |   0.0 |       0 |      19 |   0.0 |   820
           D:3 |       0 |     264 |   0.0 |       0 |      22 |   0.0 |   809
           D:4 |       0 |     754 |   0.0 |       0 |      26 |   0.0 |  1087
           D:5 |       0 |     529 |   0.0 |       0 |      10 |   0.0 |   859
           D:6 |       0 |    1450 |   0.0 |       0 |      29 |   0.0 |  1326
           D:7 |       0 |    4026 |   0.0 |       0 |      43 |   0.0 |  1707
           D:8 |       0 |    2218 |   0.0 |       0 |      44 |   0.0 |   916
           D:9 |       0 |    2290 |   0.0 |       0 |      25 |   0.0 |  1569
          D:10 |       0 |    1810 |   0.0 |       0 |       9 |   0.0 |   405
       Ossuary |       0 |     545 |   0.0 |       0 |      37 |   0.0 |   648
               +---------+---------+-------+---------+---------+-------+---------
